 Dungeon Crawl Stone Soup version 0.23.2-1-ga50397a (webtiles) character file.

Game seed: 13828483844052574187

123 dvd the Grave Robber (level 4, 0/31 HPs)
             Began as a Mummy Necromancer on May 2, 2019.
             Was an Initiate of Vehumet.
             Slain by Crazy Yiuf
             ... wielding a +4 quarterstaff of chaos
              (8 damage)
             ... on level 3 of the Dungeon.
             The game lasted 00:05:08 (2772 turns).

dvd the Grave Robber (Mummy Necromancer)            Turns: 2772, Time: 00:05:08

Health: 0/31       AC:  4    Str: 12    XL:     4   Next: 79%
Magic:  6/10       EV: 12    Int: 14    God:    Vehumet [......]
Gold:   88         SH:  0    Dex: 12    Spells: 3/11 levels left

rFire    x . .     SeeInvis .   b - +0 dagger
rCold    + . .     Gourm    .   (no shield)
rNeg     + + +     Faith    .   a - +0 robe
rPois    ∞         Spirit   .   d - +0 helmet
rElec    .         Reflect  .   (no cloak)
rCorr    .         Harm     .   (no gloves)
MR       .....                  g - +0 pair of boots
Stlth    ++........             (no amulet)
HPRegen  0.10/turn              (no ring)
MPRegen  0.12/turn              (no ring)

@: no status effects
A: no food or potions, fire vulnerability, cold resistance 1, negative energy
resistance 3, torment resistance, unbreathing
a: Renounce Religion


You were on level 3 of the Dungeon.
You worshipped Vehumet.
Vehumet was noncommittal.
You were not hungry.

You visited 1 branch of the dungeon, and saw 3 of its levels.

You collected 88 gold pieces.

Inventory:

Hand Weapons
 b - a +0 dagger (weapon)
 j - a +1 hunting sling of flaming
 n - a +0 short sword
Armour
 a - a +0 robe (worn)
 d - a +0 helmet (worn)
 g - a +0 pair of boots (worn)
 m - a cursed +0 ring mail
Scrolls
 c - 2 scrolls of blinking {unknown}
 e - a scroll of enchant weapon {unknown}
 f - a scroll of noise {unknown}
 h - a scroll of fear {unknown}
 i - a scroll of teleportation {unknown}
 k - 2 scrolls of enchant armour {unknown}
 l - a scroll of identify {unknown}


   Skills:
 + Level 0.4 Fighting
 + Level 0.4 Short Blades
 + Level 1.7 Dodging
 + Level 2.0 Stealth
 + Level 4.2 Spellcasting
 + Level 5.0 Necromancy


You had 3 spell levels left.
You knew the following spells:

 Your Spells              Type           Power        Failure   Level  Hunger
a - Pain                  Necr           ###.         2%          1    N/A
b - Vampiric Draining     Necr           ###.......   7%          3    N/A
c - Animate Dead          Necr           N/A          24%         4    N/A

Your spell library contained the following spells:

 Spells                   Type           Power        Failure   Level  Hunger
 Animate Skeleton         Necr           N/A          2%          1    N/A
 Regeneration             Chrm/Necr      Unusable     N/A         3    N/A

Dungeon Overview and Level Annotations

Branches:
Dungeon (3/15)

Altars:
Vehumet
Zin

Annotations:
D:3 Crazy Yiuf


Innate Abilities, Weirdness & Mutations

You do not eat or drink.
Your flesh is vulnerable to fire.
You are immune to poison.
Your flesh is cold resistant. (rC+)
You are immune to negative energy. (rN+++)
You are immune to unholy pain and torment.
You can survive without breathing.


Message History

Unknown command.
Casting: Vampiric Draining (safe; 7% risk of failure)
Confirm with . or Enter, or press ? or * to list all spells.
Aiming: Pain (safe; 2% risk of failure)
Press: ? - help, Shift-Dir - straight line, f - Crazy Yiuf
Aim: Crazy Yiuf, wielding a +4 quarterstaff of chaos and wearing a +0 cloak (chance to defeat MR: 82%) Crazy Yiuf writhes in agony.
Crazy Yiuf hits you with a +4 quarterstaff of chaos.
You are electrocuted!
Casting: Pain (safe; 2% risk of failure)
Confirm with . or Enter, or press ? or * to list all spells.
Aiming: Vampiric Draining (safe; 7% risk of failure)
Press: ? - help, Shift-Dir - straight line, f/p - Crazy Yiuf
Aim: Crazy Yiuf, wielding a +4 quarterstaff of chaos and wearing a +0 cloak (lightly wounded) Crazy Yiuf is heavily wounded.
You feel life coursing into your body.
Crazy Yiuf hits you with a +4 quarterstaff of chaos!
* * * LOW HITPOINT WARNING * * *
You are electrocuted!
You die...

#.......(.####....#
#.........# ##..##
...........# #....#
#..........# ##P..#
..........# ##.##
...###### ##.# ...
#.## ##.# #@## #g#
... #...# #)..#
#####


You could see Crazy Yiuf.

Vanquished Creatures
  Natasha (thrice) (D:2)
  An adder (D:3)
  A worm (D:2)
  2 dart slugs
  A ball python (D:2)
  5 bats
  4 goblins
  3 hobgoblins
  2 jackals
  2 quokkas
  5 kobolds
  6 rats
35 creatures vanquished.

Notes
Turn   | Place    | Note
-------+----------+-------------------------------------------
     0 | D:1      | dvd the Mummy Necromancer began the quest for the Orb.
     0 | D:1      | Reached XP level 1. HP: 13/13 MP: 4/4
   304 | D:1      | Reached XP level 2. HP: 19/19 MP: 0/5
   720 | D:2      | Noticed Natasha
   807 | D:2      | Killed Natasha
   807 | D:2      | Reached XP level 3. HP: 24/24 MP: 1/7
   838 | D:2      | Noticed Natasha
   896 | D:2      | Killed Natasha
  1159 | D:2      | Reached XP level 4. HP: 30/30 MP: 7/9
  1165 | D:2      | Learned a level 3 spell: Vampiric Draining
  1170 | D:2      | Learned a level 4 spell: Animate Dead
  1200 | D:2      | Found a glowing silver altar of Zin.
  1200 | D:2      | Found a radiant altar of Vehumet.
  1204 | D:2      | Became a worshipper of Vehumet
  1653 | D:2      | Noticed Natasha
  1669 | D:2      | Killed Natasha
  2355 | D:2      | Reached skill level 5 in Necromancy
  2766 | D:3      | Found a runed translucent door.
  2767 | D:3      | Noticed Crazy Yiuf
  2772 | D:3      | Slain by Crazy Yiuf

Skill      XL: |  1  2  3  4 |
---------------+-------------+-----
Stealth        | 2 |  2.0
Spellcasting   | 3 4 |  4.2
Necromancy     | 5 |  5.0
Fighting       | |  0.4
Short Blades   | |  0.4
Dodging        | |  1.7

Action                   |  1- 3 |  4- 6 || total
-------------------------+-------+-------++-------
Melee: Dagger            |    20 |    15 ||    35
 Cast: Pain              |    35 |    52 ||    87
       Vampiric Draining |       |     4 ||     4
Armor: Robe              |     7 |     8 ||    15
Dodge: Dodged            |    21 |    26 ||    47
